AoeStats
← ITA | MarknighT

Arabian Desert

509668953Analyzed
1v1 RM · 5d ago on Sep 27, 2026· 34m 58s· 2 players
Game mode
Random Map
Map size
Tiny (2 player)
Population
200
Speed
Normal
Resources
Standard
Victory
Conquest
Starting age
Dark Age
Ending age
Imperial Age
RankedLock teamsTeams togetherTeam positionsShared explorationLock speedFull tech treeHidden civsTurbo modeCheats
Victory
Defeat
🇮🇹 Inca · Italy
1992
+12
🇦🇷 Lithuanians · Argentina
1907
-12
Rainbowlucho
6:55 Loom
9:12 Feudal Age
9:52 Double-Bit Axe
12:26 Horse Collar
15:31 Fletching
23:03 Castle Age
22:58 Town Watch
23:55 Bodkin Arrow
23:21 Crossbowman
33:03 Ballistics
ITA | MarknighT
7:00 Loom
9:32 Feudal Age
9:39 Champi Runner
12:39 Double-Bit Axe
15:26 Fletching
16:47 Scale Mail Armor
21:33 Castle Age
20:34 Horse Collar
20:46 Gold Mining
22:34 Bow Saw
21:49 Crossbowman
22:26 Bodkin Arrow
26:18 Champi Warrior
26:59 Squires
27:35 Town Watch
30:21 Chain Mail Armor
30:13 Arson
32:14 Forging
33:44 Heavy Plow
34:21 Gold Shaft Mining
Connection lost

Rejoining the realm…

Still unreachable

The connection could not be restored.

Session expired

The server has moved on; the page needs a fresh start.